[Event "5th Sharjah Masters 2022"]
[Site "Sharjah"]
[Date "2022.05.21"]
[Round "1.1"]
[White "Fedoseev, Vladimir"]
[Black "Can, Emre"]
[Result "1/2-1/2"]
[ECO "B90"]
[WhiteElo "2701"]
[BlackElo "2599"]
[Annotator "TA"]
[PlyCount "90"]
[EventDate "2022.05.21"]
[EventType "swiss"]
[EventCountry "UAE"]
[SourceTitle "playchess.com"]
[Source "ChessBase"]
[SourceQuality "1"]
[TimeControl "5400+30"]

1. e4 c5 2. Nf3 d6 3. d4 cxd4 4. Nxd4 Nf6 5. Nc3 a6 6. Be3 e5 7. Nb3 Be6 8. Qd2 Nbd7 9. O-O-O {[%emt 0:00:38] B90: Sicilian Najdorf: Unusual White 6th moves, 6 Be3 Ng4 and 6 Be3 e5.} Qc7 {[%emt 0:02:43] 9...b5 is setting a new trend.} 10. f3 h5 11. Kb1 {[%emt 0:01:53] White has an edge.} Rc8 12. Nd5 Nxd5 13. exd5 Bf5 14. Bd3 Bxd3 15. cxd3 Be7 16. Rc1 Qb8 {[%emt 0:05:34] [#]} 17. Qb4 $146 {[%emt 0:01:17] White is more active.} (17. Rxc8+ $1 $14 Qxc8 18. Rc1) ({Predecessor:} 17. Rxc8+ Qxc8 18. Rc1 Qb8 19. Qa5 Bd8 20. Qa4 Qa8 21. Nd2 b5 22. Qb3 O-O 23. Ne4 {1-0 (39) Akopian,V (2660)-Oparin,G (2551) Jerusalem 2015}) 17... Nf6 18. Qa4+ b5 19. Qxa6 O-O 20. Na5 {[%emt 0:07:47][%cal Bb3a5,Ba5c6,Bc6b4][%mdl 32] Hoping for Nc6.} Nxd5 21. Bd2 {[%emt 0:01:51] Strongly threatening Nc6.} Nc7 22. Qc6 Rfe8 23. Qd7 Bf8 $1 24. Nc6 Qa8 25. Nb4 Red8 26. Qc6 Qb8 27. Qe4 Re8 28. d4 d5 29. Qh4 (29. Qf5 $11) 29... Bxb4 (29... Ne6 {feels hotter.} 30. Qxh5 Bxb4 31. Bxb4 Rc4) 30. Bxb4 Ne6 $1 31. Qxh5 Nxd4 32. f4 Rc4 33. Bc3 Nc6 ({Black should try} 33... exf4 $17 {...Ne2 is the strong threat.} 34. Qxd5 Rd8) 34. fxe5 d4 35. Bd2 Nxe5 36. b3 (36. Rce1 $1 $11) 36... Rxc1+ $17 37. Rxc1 Qa8 $36 {[%emt 0:00:15][%mdl 2048] Black is really pushing.} 38. Re1 Qxg2 39. Rxe5 Rxe5 40. Qxe5 Qxd2 $15 {[%emt 0:00:06] KQ-KQ} 41. Qe8+ Kh7 {[%emt 0:00:06] Threatens to win with ...d3.} 42. Qxf7 (42. a3 $142 Qd3+ 43. Kb2) 42... Qe1+ $2 (42... Qd1+ 43. Kb2 Qe2+ 44. Kc1 d3 45. Qf5+ Kh6 46. Qf4+ g5) 43. Kb2 $19 {[%emt 0:01:29] [#]} Qe2+ 44. Kc1 {[%emt 0:00:45] [#]} Qe1+ $2 ({Better is} 44... d3 $1 $19 45. Qf5+ Kh6 46. Qf4+ g5) 45. Kc2 Qe2+ {[%emt 0:00:08] Weighted Error Value: White=0.26 (precise) /Black=0.38} 1/2-1/2

[Event "5th Sharjah Masters 2022"]
[Site "Sharjah"]
[Date "2022.05.21"]
[Round "1.2"]
[White "Yuffa, Daniil"]
[Black "Sargissian, Gabriel"]
[Result "1-0"]
[ECO "D38"]
[WhiteElo "2597"]
[BlackElo "2694"]
[Annotator "TA"]
[PlyCount "84"]
[EventDate "2022.05.21"]
[EventType "swiss"]
[EventCountry "UAE"]
[SourceTitle "playchess.com"]
[Source "ChessBase"]
[SourceQuality "1"]
[TimeControl "5400+30"]

1. d4 Nf6 2. c4 e6 3. Nf3 d5 4. Nc3 Bb4 5. Qa4+ Nc6 6. a3 Bxc3+ 7. bxc3 Bd7 8. cxd5 $1 {[%emt 0:00:34] The main line 8.cxd5 scores better than 8.Qc2. D38: Queen's Gambit Declined: Ragozin Defence (4 Nf3 Bb4).} exd5 9. Qc2 Na5 10. Bg5 {[%emt 0:03:33] The position is equal.} h6 11. Bh4 c5 12. e3 {[%emt 0:03:48] [#]} c4 $146 ({Predecessor:} 12... Rc8 13. Bd3 O-O 14. O-O cxd4 15. exd4 Nc4 16. Rfe1 Nd6 17. Re3 Re8 18. Ne5 g5 {1-0 (39) Sakaev,K (2629)-Gutov,A (2477) Smolensk 2000}) 13. Ne5 g5 14. Bg3 Ne4 {[%emt 0:01:52] Pair of Knights!} 15. f3 Nxg3 16. hxg3 Qe7 17. Be2 O-O-O 18. e4 Be6 19. Rb1 a6 20. O-O Qc7 21. f4 dxe4 22. Qxe4 Kb8 23. Rb4 {[%emt 0:04:42] 0x0.00084271a3d6dp-1022s more active pieces.} ({White should try} 23. fxg5 $16 {And now g6 would win.} hxg5 24. Qe3) 23... f6 $1 $11 24. Ng4 $1 Bd5 25. Qf5 Rhe8 $1 26. Bf3 Bxf3 27. Rxf3 Re1+ (27... Nb3 $1 $11 {remains equal.}) 28. Rf1 $16 Rxf1+ 29. Kxf1 gxf4 30. gxf4 Nb3 31. Nxf6 {[%emt 0:02:58] Qe5 is the strong threat.} (31. Qxf6 a5 32. Rb5 Nd2+ 33. Ke1 Ne4 $14) 31... Nxd4 32. cxd4 $18 Rxd4 33. Ne4 (33. Ke2 $18) 33... Qe7 {[%emt 0:00:28] Black cannot hold the game after this.} ({Better is} 33... b5 $14) 34. Nc3 b5 {[%emt 0:01:29] [#]} (34... Qe3 $142 35. Qe5+ Qxe5 36. fxe5 Rf4+ 37. Ke2 Rf5 38. Rxc4 Rxe5+ 39. Ne4 b5) 35. Rb1 $1 {[%emt 0:04:31][%cal Oc3b5] White threatens Nxb5! and mate.} Qe3 36. Ne2 (36. Qf8+ Kc7 37. Qg7+ (37. Ne2 Rd2 $18) 37... Kc6 $18) 36... Re4 37. Rb2 Qd3 (37... c3 {might work better.} 38. Rc2 Qd3 39. Qf8+ (39. Rxc3 $2 Qd1+ 40. Kf2 Rxe2+ 41. Kg3 Qe1+ 42. Kh2 Qxc3 $19) 39... Kb7 40. Qg7+ (40. Rxc3 $2 Qd1+ 41. Kf2 Rxe2+ 42. Kg3 Qe1+ 43. Kh2 Qxc3 $19) 40... Kb6 41. Qf6+ (41. Rxc3 $2 Qd1+ 42. Kf2 Rxe2+ 43. Kg3 Qe1+ 44. Kh2 Qh4+ 45. Rh3 Qxf4+ 46. Qg3 Qxg3+ 47. Rxg3 Ka5 $19) (41. Qxh6+ $2 Ka5 $19) 41... Kb7 42. Qg7+ (42. Rxc3 Qxe2+ 43. Kg1 Rc4 $11) 42... Kb6 43. Qf6+ (43. Rxc3 $2 Qd1+ 44. Kf2 Rxe2+ 45. Kg3 Qe1+ 46. Kh2 Qh4+ 47. Rh3 Qxf4+ 48. Qg3 Qxg3+ 49. Rxg3 Ka5 $19) (43. Qxh6+ $2 Ka5 $19) 43... Kb7 44. Qxc3 Rxf4+ 45. Ke1 Qxc3+ 46. Rxc3 Rh4) 38. Qf6 {[%emt 0:01:16][%csl LRa6,LRh6] Threatens to win with Qb6+.} ({Much less strong is} 38. Qf8+ Kb7 39. Qg7+ Kb6 40. Qxh6+ Ka5 $18) 38... c3 (38... Qd1+ $2 39. Kf2 Kc7 40. Qxa6 Rxf4+ 41. Ke3 $18) (38... Kb7 $142 39. Qg7+ Kb6 40. Qxh6+ Ka5) 39. Qb6+ {[%emt 0:01:09] White is clearly winning.} Kc8 40. Qxa6+ Kc7 41. Qa5+ Kc6 42. Qxc3+ Kd5 {[%emt 0:01:17] Weighted Error Value: White=0.20 (precise) /Black=0.33} (42... Qxc3 $18 43. Nxc3 Rxf4+ 44. Ke2 Rc4) 1-0

[Event "5th Sharjah Masters 2022"]
[Site "Sharjah"]
[Date "2022.05.21"]
[Round "1.3"]
[White "Salem, A.R. Saleh"]
[Black "Adly, Ahmed"]
[Result "1-0"]
[ECO "B12"]
[WhiteElo "2690"]
[BlackElo "2596"]
[Annotator "TA"]
[PlyCount "109"]
[EventDate "2022.05.21"]
[EventType "swiss"]
[EventCountry "UAE"]
[SourceTitle "playchess.com"]
[Source "ChessBase"]
[SourceQuality "1"]
[TimeControl "5400+30"]

1. e4 c6 2. d4 d5 3. e5 Bf5 4. Nf3 e6 5. Be2 Bb4+ 6. Nbd2 {[%emt 0:02:38][%cal Bb1d2,Bd2f1,Bf1g3][%mdl 32] B12: Caro-Kann: Advance Variation.} Nd7 7. c3 $5 {[%emt 0:02:11][%mdl 4] Leaves trodden paths.} Ba5 8. Nf1 {[%emt 0:00:41] White is slightly better.} f6 9. Ng3 Bg6 10. O-O Bc7 {[%emt 0:02:11] [#]} 11. Re1 $146 ({Predecessor:} 11. exf6 Ngxf6 12. Ng5 Qe7 13. Bg4 Nxg4 14. Qxg4 Bxg3 15. hxg3 Bf5 16. Qh5+ g6 17. Qe2 {½-½ (79) Azarov,S (2575)-Rodrigue Lemieux,S (2293) Chess.com INT 2019}) 11... f5 ({Black should play} 11... Qe7) 12. Qb3 Qc8 13. c4 Nb6 {[%emt 0:01:10] [#]} 14. c5 $1 Nd7 15. Ng5 Nf8 16. h4 h6 17. Nh3 Bd8 18. h5 Bf7 19. Bd2 Ne7 20. Qc2 {[%emt 0:01:07] White is much more active.} Nh7 21. b4 $36 {[%emt 0:00:46][%mdl 2048] White is in control.} O-O 22. a4 a6 23. Ra3 Kh8 24. Rb1 Rg8 25. Qc1 ({Don't do} 25. Nf4 g5 $16) 25... Be8 26. Rab3 Ra7 27. Bf3 Ra8 28. Kh1 Ra7 29. Kh2 Bc7 30. Kg1 Bd8 31. Kf1 Ra8 32. Ne2 Qd7 33. g3 Bf7 34. Kg2 g5 (34... Bc7 $16 {was called for.} 35. b5 Rgb8) 35. hxg6 $1 $18 Nxg6 36. Kf1 h5 37. b5 axb5 38. axb5 Ra7 39. Qb2 h4 40. bxc6 bxc6 41. Rb7 Rxb7 42. Qxb7 Qe8 (42... Bc7 {was necessary.} 43. Rb6 Be8) 43. Ra1 hxg3 44. fxg3 f4 45. Ra7 ({Inferior is} 45. gxf4 Nh4 46. Qb3 Nxf3 47. Qxf3 Bh5 $14) ({Less strong is} 45. Nhxf4 Nxf4 46. Bxf4 Bh5 $18) 45... Ne7 $2 (45... Qe7 {is a better defense.} 46. Bh5 Qxb7 47. Rxb7 Be8) 46. g4 Bg6 47. Nexf4 Be4 48. Bxe4 dxe4 49. Qd7 Qxd7 50. Rxd7 Nd5 51. Nxd5 exd5 52. Bh6 Ba5 53. g5 Bc3 $2 (53... Nf8) 54. e6 {[%emt 0:02:51][%cal Be5e6,Be6e7][%mdl 32] [#] Intending e7 and mate.} Bxd4 55. e7 {[%emt 0:01:17] Inhibits Nf8.  Weighted Error Value: White=0.21 (precise) /Black=0.23 (precise)} 1-0

[Event "5th Sharjah Masters 2022"]
[Site "Sharjah"]
[Date "2022.05.21"]
[Round "1.4"]
[White "Mchedlishvili, Mikheil"]
[Black "Erigaisi Arjun"]
[Result "1/2-1/2"]
[ECO "D02"]
[WhiteElo "2595"]
[BlackElo "2675"]
[Annotator "TA"]
[PlyCount "139"]
[EventDate "2022.05.21"]
[EventType "swiss"]
[EventCountry "UAE"]
[SourceTitle "playchess.com"]
[Source "ChessBase"]
[SourceQuality "1"]
[TimeControl "5400+30"]

1. d4 Nf6 2. Bf4 d5 3. Nf3 c5 4. e3 Nc6 5. Nbd2 Bg4 6. c3 e6 7. Qb3 {[%emt 0:00:30] D02: 1 d4 d5 2 Nf3 sidelines, including 2...Nf6 3 g3 and 2...Nf6 3 Bf4.} Qc8 8. Nh4 Bh5 9. h3 {[%emt 0:00:30] [#]} h6 $146 ({Predecessor:} 9... cxd4 10. exd4 Qd7 11. Bd3 Bd6 12. Bxd6 Qxd6 13. O-O O-O 14. Rfe1 Rab8 15. a4 g5 {½-½ (62) Sadhwani,R (2628)-Narayanan,S (2559) Chess.com INT 2022}) 10. g4 g5 $1 {[%emt 0:00:30] [#]} 11. Bh2 Bxg4 12. hxg4 gxh4 13. Be2 Rg8 14. Bf4 cxd4 15. cxd4 Nxg4 16. Rxh4 f5 17. Bxg4 fxg4 18. Bxh6 Bd6 19. Ke2 $1 g3 20. Rg1 (20. Bf4 Bxf4 21. Rxf4 g2 $15) 20... Qc7 (20... g2 21. f4 $16) 21. fxg3 (21. f4 $5 ) 21... O-O-O (21... Rxg3 $2 22. Rxg3 Bxg3 23. Bf4 Bxf4 24. Rh8+ Ke7 25. Rxa8 $18) 22. Bf4 e5 ({Better is} 22... Bxf4 $15 23. Rxf4 Kb8) 23. dxe5 $11 Bxe5 24. Nf3 Bxf4 25. Rxf4 (25. gxf4 Rxg1 26. Nxg1 Nd4+ $1 27. exd4 Qe7+ 28. Kd2 Qxh4 $17) 25... Kb8 26. Kf2 Qh7 27. Qc3 {[%emt 0:00:30] Prevents Na5.} Rc8 {[%emt 0:00:30][%cal Od5d4][%mdl 1024] Black has compensation.} 28. Rh4 {[%emt 0:00:30] Inhibits d4.} ({White should play} 28. g4 $15) 28... Qg6 $17 29. Rf4 Ka8 (29... d4 $1 $17 30. Qd2 (30. Nxd4 $2 Nxd4 31. Qxd4 Rc2+ 32. Ke1 Re8 $19) (30. exd4 $2 Ne7 $19) 30... dxe3+ 31. Qxe3 Rge8) 30. g4 $11 Ne7 31. Qf6 Qc2+ $1 32. Kg3 Ng6 33. Rf5 Qc7+ 34. Kg2 (34. Kh3 $15 {is more appropriate.}) 34... a6 35. Rf1 (35. Rh1 $17 {was necessary.}) 35... Qc2+ ({Black should try} 35... Qc4 $19 36. Rg5 (36. Nd4 Rce8 $17) 36... Rcf8) 36. Kg3 Rce8 {[%emt 0:00:30] aiming for ...Re4.} 37. Rxd5 Qc7+ 38. Qd6 Qh7 39. Rh5 Qf7 40. Rf5 Qc4 41. Kf2 (41. Nd4 $2 Rxe3+ 42. R1f3 Re4 $19) 41... Qxg4 (41... Qe4 42. Qd4 Qc2+ 43. Qd2 $11) 42. Rg5 Qe4 43. Qd4 Qc6 44. Qd5 Qf6 (44... Qb6 $6 45. Qd4 Qc7 46. Qc5 $11) 45. Qd4 Qf7 46. Qd5 Qe7 47. Qc5 {[%emt 0:00:30] [#]} Qf6 (47... Qe6 $1 $17 {...Rgf8 is the strong threat.} 48. Rfg1 Rgf8 49. Rxg6 Qe4) 48. Qd4 $1 Qf7 (48... Qf8 $11) 49. Qd5 $1 $17 {[%emt 0:00:30] [#]} Qg7 (49... Qh7 $1 $17 {And now ...Rgf8 would win.} 50. Rfg1 (50. Qf5 $2 Rgf8 $19) 50... Ne7 51. Rxg8 Nxd5 52. Rxe8+ Ka7) 50. Qd4 $132 {[%emt 0:00:30][%mdl 2048] White has counterplay. The position is equal.} Qh7 51. Rfg1 $1 Re6 52. Rd5 Qc7 53. Rd1 Ree8 $1 {[%emt 0:00:30] Inhibits Rd8+. White must now prevent ...Rgf8.} 54. Rd7 Qc6 {[%emt 0:00:30] Strongly threatening ...Rgf8.} 55. Qd5 {[%emt 0:00:30] Threatens to win with Qxc6. Chess con chili.} Qb6 56. Qd4 {[%emt 0:00:30] Active counter play!} Qe6 57. Rd6 $1 Qxa2 ({But not} 57... Qf5 58. Qd5 Qxd5 59. R1xd5 $16) 58. Qb6 Qc4 {[%emt 0:00:30][%cal Oc4c8] Hoping for ...Qc8!} 59. Rd8+ ({Don't go for} 59. Rxg6 $2 Qc2+ 60. Rd2 Qxg6 61. Qxg6 Rxg6 $19) 59... Rxd8 60. Rxd8+ Rxd8 61. Qxd8+ {[%emt 0:00:30][%mdl 4096] Endgame KQN-KQN} Ka7 62. Qf6 Qc2+ 63. Kg3 Qe4 64. Qc3 Ne7 65. Qc5+ Ka8 66. Kf2 Nd5 67. Qc8+ Ka7 68. Qc5+ Ka8 69. Qc8+ Ka7 70. Qc5+ {[%emt 0:00:30] Weighted Error Value: White=0.08 (flawless) /Black=0.13 (very precise)} 1/2-1/2

[Event "5th Sharjah Masters 2022"]
[Site "Sharjah"]
[Date "2022.05.21"]
[Round "1.5"]
[White "Sarana, Alexey"]
[Black "Azarov, Sergei"]
[Result "1-0"]
[ECO "E32"]
[WhiteElo "2675"]
[BlackElo "2588"]
[Annotator "TA"]
[PlyCount "117"]
[EventDate "2022.05.21"]
[EventType "swiss"]
[EventCountry "UAE"]
[SourceTitle "playchess.com"]
[Source "ChessBase"]
[SourceQuality "1"]
[TimeControl "5400+30"]

1. d4 Nf6 2. c4 e6 3. Nc3 Bb4 4. Qc2 O-O 5. Nf3 d6 6. Bd2 Nbd7 7. a3 Bxc3 8. Bxc3 Qe7 9. e3 {[%emt 0:13:06] E32: Nimzo-Indian: Classical (4 Qc2): 4...0-0.} e5 10. Be2 Re8 11. d5 {[%emt 0:04:32] White is slightly better.} b5 {[%emt 0:09:41] [#]} 12. cxb5 $146 ({Predecessor:} 12. b3 Nb6 13. O-O bxc4 14. bxc4 Bg4 15. Ba5 c6 16. dxc6 Rec8 17. Rfb1 Rxc6 18. Bxb6 axb6 {0-1 (52) Pietrzak,T (1617)-Karykowska,A (1869) Kudowa Zdroj 2018}) 12... Nxd5 13. O-O N7f6 14. Rac1 a6 15. Rfd1 (15. Bd2 $5 ) 15... axb5 16. Bxb5 Bd7 {[%emt 0:00:54] Against Bc6} 17. Bxd7 Qxd7 18. Be1 Qb5 19. Nd2 Reb8 20. Nc4 Qb3 21. Qe2 h6 22. h3 e4 23. Rc2 Rb5 24. Rd4 (24. Bc3 $5) 24... Rc5 25. Rc1 Rb8 26. Kf1 Kh7 27. Rdd1 Rbb5 28. Rd4 Rb8 29. Qd1 Qxd1 30. Rcxd1 {[%emt 0:00:02] Threatens to win with b4.} Rb3 (30... Ra8 $11) 31. Rb1 Rcb5 $1 32. a4 Rb8 33. a5 Ne7 34. Nd2 Rxb2 35. Rxb2 Rxb2 36. Nxe4 Ra2 37. Nxf6+ gxf6 $14 {[%emt 0:00:01][%mdl 4096] Endgame KRB-KRN} 38. Re4 Nd5 39. Rd4 Ne7 40. Re4 Nd5 41. Re8 f5 42. g4 fxg4 43. hxg4 Kg6 44. Kg2 Nf6 45. Rc8 Nxg4 46. Kg3 ({Much weaker is} 46. Rxc7 Nxe3+ 47. Kf3 Nf5 $15) 46... Nf6 {[%emt 0:00:36] White must now prevent ...Ra1.} 47. Kf3 Ra1 48. Bc3 Ra3 49. Rxc7 Nd5 50. Bb2 Rxe3+ 51. fxe3 {[%emt 0:00:01] White threatens Rb7 and mate.} Nxc7 $11 {[%emt 0:00:05] KB-KN} 52. Ba3 Na6 $2 {[%emt 0:01:03][%mdl 8192] [#]} (52... d5 $11) 53. Ke4 $1 $18 Kf6 {[%emt 0:00:34] [#]} 54. Kd5 $1 {[%emt 0:00:01] White mates.} h5 55. Bxd6 h4 56. Kc6 Ke6 57. Bh2 Nb4+ 58. Kb5 Nd5 59. a6 {[%emt 0:00:07] Weighted Error Value: White=0.08 (flawless) /Black=0.20 (precise)} 1-0

[Event "5th Sharjah Masters 2022"]
[Site "Sharjah"]
[Date "2022.05.21"]
[Round "1.6"]
[White "Kuybokarov, Temur"]
[Black "Deac, Bogdan-Daniel"]
[Result "0-1"]
[ECO "B30"]
[WhiteElo "2582"]
[BlackElo "2671"]
[Annotator "TA"]
[PlyCount "34"]
[EventDate "2022.05.21"]
[EventType "swiss"]
[EventCountry "UAE"]
[SourceTitle "playchess.com"]
[Source "ChessBase"]
[SourceQuality "1"]
[TimeControl "5400+30"]

1. e4 {[%emt 0:00:05] Szabo,Kr} c5 2. Nf3 Nc6 3. Bb5 e6 4. O-O Nge7 5. Re1 a6 6. Bf1 d5 7. exd5 Nxd5 8. d4 Nf6 9. Be3 Be7 {[%emt 0:03:11] B30: Sicilian: 2...Nc6 3 Bb5, lines without ...g6.} 10. c4 O-O 11. Nc3 cxd4 12. Nxd4 Ne5 $1 {[%emt 0:00:17][%mdl 4] is recently more successful than 12...Bd7.} 13. h3 {[%emt 0:03:55] Prevents Neg4.} Bd7 14. Rc1 Rc8 {[%emt 0:15:44] The position is equal.} 15. Qb3 Qc7 16. Na4 {[%emt 0:04:30] [#]} Bd8 $5 $146 {[%emt 0:07:01][%mdl 8] An interesting novelty.} ({Predecessor:} 16... Rcd8 17. Qb6 Qxb6 18. Nxb6 Be8 19. a3 Ned7 20. Nb3 Nxb6 21. Bxb6 Rc8 22. Be3 Rb8 {½-½ (40) Anand,V (2786)-Gelfand,B (2755) Moscow 2013 CBM 155 [Szabo,Kr]}) 17. Qd1 Qa5 {[%emt 0:11:50][%mdl 32768] A rather calm draw.  Weighted Error Value: White=0.09 (flawless) /Black=0.05 (flawless) . Loss on time!?} 0-1

[Event "5th Sharjah Masters 2022"]
[Site "Sharjah"]
[Date "2022.05.21"]
[Round "1.7"]
[White "Narayanan.S.L"]
[Black "Moroni, Luca Jr"]
[Result "1/2-1/2"]
[ECO "D30"]
[WhiteElo "2662"]
[BlackElo "2581"]
[Annotator "TA"]
[PlyCount "54"]
[EventDate "2022.05.21"]
[EventType "swiss"]
[EventCountry "UAE"]
[SourceTitle "playchess.com"]
[Source "ChessBase"]
[SourceQuality "1"]
[TimeControl "5400+30"]

1. d4 d5 2. c4 e6 3. Nf3 a6 4. Bg5 Be7 5. Bxe7 Qxe7 6. Nbd2 {[%emt 0:00:44] D30: Queen's Gambit Declined: Systems without Nc3.} Nf6 7. g3 O-O 8. Bg2 {[%emt 0:00:08] White has an edge.} Nbd7 9. O-O b6 10. cxd5 exd5 11. Rc1 c5 12. Re1 Bb7 13. dxc5 bxc5 {[%emt 0:01:57] [#]} 14. Qb3 $146 ({Predecessor:} 14. Qc2 Rfe8 15. Qf5 a5 16. Ng5 h6 17. Nh3 Nb6 18. Qc2 Rac8 19. Qb3 Qd6 20. Qa3 a4 21. Nf4 {½-½ (21) Vypkhaniuk,I (2413)-Richter,N (2270) Reinstorf 2022}) 14... Rfb8 15. Qc2 a5 16. Nh4 Qe6 17. a3 Qb6 18. e4 {[%emt 0:01:49] The position is equal.} Nxe4 19. Nxe4 dxe4 20. Bxe4 Bxe4 21. Rxe4 Nf8 22. Qxc5 Qxb2 {[%emt 0:01:49][%cal Ob8c8] [#] ...Rc8! is the strong threat.} 23. Re7 Ne6 24. Qc3 Qxc3 25. Rxc3 Kf8 26. Rd7 Ke8 27. Rdd3 g6 {[%emt 0:03:00] Weighted Error Value: White=0.04 (flawless) /Black=0.05 (flawless)} 1/2-1/2

[Event "5th Sharjah Masters 2022"]
[Site "Sharjah"]
[Date "2022.05.21"]
[Round "1.8"]
[White "Kadric, Denis"]
[Black "Abdusattorov, Nodirbek"]
[Result "1/2-1/2"]
[ECO "B35"]
[WhiteElo "2576"]
[BlackElo "2661"]
[Annotator "TA"]
[PlyCount "76"]
[EventDate "2022.05.21"]
[EventType "swiss"]
[EventCountry "UAE"]
[SourceTitle "playchess.com"]
[Source "ChessBase"]
[SourceQuality "1"]
[TimeControl "5400+30"]

1. e4 c5 2. Nc3 Nc6 3. Nge2 g6 4. d4 cxd4 5. Nxd4 Bg7 6. Be3 Nf6 7. Bc4 O-O 8. Bb3 Re8 {[%emt 0:00:15] B35: Sicilian: Accelerated Dragon with 5 Nc3: main line.} 9. f3 e6 10. Qd2 (10. f4 {seems wilder.} Ng4 11. Bg1 Bxd4 12. Bxd4 d5 13. Qxg4 Nxd4 14. O-O-O) 10... d5 {[%emt 0:00:24][%cal Bd7d5,Bd5d4][%mdl 32] The position is equal.} 11. O-O-O Nxd4 $1 12. Bxd4 e5 13. Bf2 d4 14. Ne2 a5 15. c3 Qc7 16. Kb1 a4 17. Bc2 dxc3 $1 18. Nxc3 Be6 19. Qd6 Qc8 {[%emt 0:00:05][%cal Oa4a3] [#]} 20. Qc5 $146 ({Predecessor:} 20. Bxa4 Bxa2+ 21. Kxa2 b5 22. Rc1 Ra6 23. Qb4 Qe6+ 24. Qb3 Qxb3+ 25. Kxb3 bxa4+ 26. Ka2 Bh6 27. Rc2 Rc8 28. Bg3 a3 29. b4 {½-½ (29) Talpak,T (2468)-Williamson,H (2537) ICCF email 2016}) 20... Bf8 21. Qxc8 Rexc8 22. Bh4 Nh5 23. Nd5 {[%emt 0:05:28] [#] Black must now prevent Nb6.} Bc5 {[%emt 0:06:08] Prevents Nb6.} 24. g4 Nf4 25. Bf6 Bxd5 26. exd5 {[%emt 0:00:28] aiming for d6.} Bd4 (26... Bd6 $11) 27. Rhe1 {[%emt 0:03:34][%cal Bh1e1,Be1e5,Be5b5][%mdl 32] Hoping for d6.} Nxd5 28. Bxe5 Bxe5 29. Rxe5 Nb4 30. Be4 Rd8 $1 31. Rf1 Nc6 32. Rb5 Ra7 $1 33. Rc1 Rd2 34. h4 Rh2 {[%emt 0:00:06] [#]} (34... Kg7 $11) 35. h5 $1 $16 ({Much worse is} 35. Bxc6 $6 bxc6 36. Rxc6 Rxh4 $11) 35... Kg7 {[%emt 0:00:45] White is slightly better.} 36. hxg6 ({Don't play} 36. Bxc6 bxc6 37. Rxc6 Rf2 $11) 36... hxg6 37. Rd1 {[%emt 0:00:06] Inhibits Nd4.} a3 38. bxa3 Rxa3 {[%emt 0:00:05] Weighted Error Value: White=0.04 (flawless) /Black=0.09 (flawless)} 1/2-1/2

[Event "5th Sharjah Masters 2022"]
[Site "Sharjah"]
[Date "2022.05.21"]
[Round "1.9"]
[White "Gukesh D"]
[Black "Sanal, Vahap"]
[Result "1-0"]
[ECO "D61"]
[WhiteElo "2659"]
[BlackElo "2575"]
[Annotator "TA"]
[PlyCount "127"]
[EventDate "2022.05.21"]
[EventType "swiss"]
[EventCountry "UAE"]
[SourceTitle "playchess.com"]
[Source "ChessBase"]
[SourceQuality "1"]
[TimeControl "5400+30"]

1. d4 d5 2. c4 c6 3. Nf3 Nf6 4. Nc3 e6 5. Bg5 Be7 6. e3 h6 7. Bh4 O-O 8. Qc2 Nbd7 9. a3 a6 10. Rd1 b5 {[%emt 0:15:12] D61: Queen's Gambit Declined: Classical: 7 Qc2.} 11. cxd5 cxd5 12. Bd3 Bb7 {[%emt 0:00:57] The position is equal.} 13. O-O $1 Rc8 14. Rc1 {[%emt 0:13:31] [#]} g5 $146 ({Predecessor:} 14... Ne8 15. Bxe7 Qxe7 16. Qb3 Nb6 17. Qb4 Rc7 18. Ne2 Nc4 19. b3 Nxa3 20. Rc5 Nc4 21. bxc4 dxc4 {1-0 (34) Livaic,L (2507)-Paradzik,B (2185) Tornelo INT 2020}) 15. Bg3 Ne4 16. Qb3 Nxg3 17. hxg3 f5 18. Ne2 Bd6 19. Rxc8 Qxc8 20. a4 b4 21. a5 Qc7 22. Qa4 Bc6 23. Qa2 Qb7 24. Qb3 Rc8 25. Rc1 Kg7 26. Qd1 Rc7 27. Ra1 Bb5 28. Nc1 g4 29. Ne1 Bc4 30. Ne2 (30. b3 $11) 30... Kf7 ({Black should play} 30... b3 $1 $15) 31. b3 $11 Bb5 32. Bxb5 Qxb5 33. Nd3 Ke7 34. Qd2 Nf6 35. f3 $1 {[%emt 0:00:51] Against Ne4} h5 36. Kf2 Rc8 37. Ra4 Rb8 38. Nef4 Qc6 (38... Rb7 $11 {keeps the balance.}) 39. Ra1 $16 (39. Nxb4 $6 Qc8 $11) 39... Qb5 (39... Qb7 $16) 40. Nc5 $2 (40. Qc2 $18) 40... Bxc5 $11 41. dxc5 Rc8 $1 (41... Qxc5 42. Rc1 Qxa5 43. Ng6+ (43. Rc6 Rb6 $16) 43... Kf7 44. Ne5+ Kf8 45. Rc6 (45. Nc6 Qc7 $16) 45... gxf3 46. gxf3 $18) 42. Ng6+ Kf7 (42... Kd8 $11) 43. Ne5+ $16 Ke7 (43... Kg8 $142) 44. c6 $18 Qc5 (44... Rxc6 {was worth a try.} 45. Nxc6+ Qxc6 46. Qxb4+ Kf7) 45. Rc1 $1 Qxa5 46. Qd4 {[%emt 0:00:44] Inhibits Qb6. Dancing on a razor blade.} Rc7 47. Rc2 {[%emt 0:01:46] Threatens to win with Qf4.} Ne8 $2 (47... Rc8 48. Qf4 Qc7 49. Qxb4+ Ke8) 48. Qf4 {[%emt 0:01:23] Black must now prevent Qg5+.} Qa1 49. Qg5+ (49. Qxb4+ $142 Kd8 50. Nf7+ $1 Rxf7 51. Qb8+ Ke7 52. c7 Nxc7 53. Rxc7+ Kf6 54. Qh8+ Kg6 55. Qxa1 Rxc7 56. Qxa6 Rc2+ 57. Kf1 Rc1+ 58. Ke2) 49... Kf8 50. Nd7+ Kf7 51. Qxh5+ Ke7 52. Qg5+ (52. fxg4 Qd1 53. Qg5+ Kd6 54. Qf4+ Ke7 55. Qg5+ (55. Qxb4+ Nd6 $17) 55... Kd6 56. Qf4+ Ke7 $14) 52... Kf7 53. Qh5+ (53. fxg4 Nf6 54. Nxf6 Qxf6 55. Qh5+ Qg6 $16) 53... Ke7 54. Qh6 (54. fxg4 Qd1 55. Qg5+ Kd6 56. Qf4+ Ke7 57. Qg5+ (57. Qxb4+ Nd6 $15) 57... Kd6 58. Qf4+ Ke7 $14) (54. Qg5+ Kf7 55. Qh6 (55. fxg4 Nf6 $16) 55... Qg7 $18) (54. Qh4+ $142 Nf6 55. Qg5 (55. Qh8 $2 Ne4+ 56. fxe4 Qxh8 $19)) 54... Qg7 (54... Qd1 $142 55. Qg5+ Kd6 56. Qf4+ Ke7 57. Qxb4+ (57. Qg5+ Kd6 $16) 57... Kd8) 55. Qf4 $2 (55. Qh4+ $18 Nf6 56. fxg4) 55... a5 {[%emt 0:00:06] [#]} (55... Rxc6 $16 {was necessary.} 56. Rxc6 Qb2+ 57. Ke1 (57. Kg1 Qa1+ 58. Kf2 Qa2+ 59. Kg1 Qa1+ 60. Kf2 Qa2+ 61. Kg1 Qa1+ $11) 57... Qa1+ 58. Kd2 Kxd7) 56. Ne5 $1 gxf3 57. gxf3 {[%emt 0:00:06] Hoping for Kg2.} Kd8 $2 (57... Kd6 {keeps fighting.} 58. Nd3+ (58. Qd4 Qh6 $16) 58... Ke7) 58. Rc5 Qh8 $2 (58... Ra7 59. Nd3 Rc7) 59. Rxa5 Qh2+ 60. Kf1 Qh1+ 61. Ke2 {[%emt 0:00:16] Intending Qg5+ and mate.} Qg2+ 62. Kd3 {[%emt 0:00:18] White mates.} Ke7 63. Qxb4+ Nd6 64. Qh4+ {[%emt 0:00:06] Weighted Error Value: White=0.30/Black=0.50} 1-0